 Dungeon Crawl Stone Soup version 0.30.0-17-ge0270778cf (webtiles) character file.

Game seed: 13611434847957850444

54 mn3067 the Magician (level 3, -1/19 HPs)
             Began as a Gargoyle Earth Elementalist on May 21, 2023.
             Slain by a gnoll
             ... wielding a +1 flail of protection
              (10 damage)
             ... on level 2 of the Dungeon.
             The game lasted 00:02:18 (1634 turns).

mn3067 the Magician (Gargoyle Earth Elementalist)   Turns: 1634, Time: 00:02:21

Health: -1/19      AC:  5    Str: 11    XL:     3   Next: 91%
Magic:  4/8        EV: 11    Int: 17    God:
Gold:   86         SH:  0    Dex: 10    Spells: 8/9 levels left

rFire   . . .        d - +0 dagger
rCold   . . .        (no shield)
rNeg    + . .        a - +0 robe
rPois   ∞            (no helmet)
rElec   +            (no cloak)
rCorr   .            (no gloves)
SInv    .            (no boots)
Will    .....        (no amulet)
Stlth   ++           (no ring)
HPRegen 0.23/turn    (no ring)
MPRegen 0.11/turn

%: no passive effects
@: no status effects
A: sickness immunity, AC +3, negative energy resistance 1, electricity
resistance, torment resistance 1, petrification resistance
a: no special abilities


You were on level 2 of the Dungeon.
You visited 1 branch of the dungeon, and saw 2 of its levels.

You collected 86 gold pieces.

Inventory:

Hand Weapons
 d - a +0 dagger (weapon)
Armour
 a - a +0 robe (worn)
Jewellery
 l - an amulet of regeneration
Scrolls
 c - a scroll of poison {unknown}
 e - 3 scrolls of identify {unknown}
 j - a scroll of fear {unknown}
 m - a scroll of teleportation {unknown}
Potions
 b - a potion of magic
 f - a potion of mutation {unknown}
 g - 2 potions of degeneration {unknown}
 h - 3 potions of curing {unknown}
 i - 2 potions of haste {unknown}
 k - 2 potions of attraction {unknown}
 n - a potion of heal wounds {unknown}


   Skills:
 - Level 1.5 Dodging
 - Level 2.1 Stealth
 + Level 3.8 Spellcasting
 - Level 0.7 Transmutations
 - Level 3.6 Earth Magic


You had 8 spell levels left.
You knew the following spells:

 Your Spells              Type           Power      Damage    Failure   Level
a - Sandblast             Erth           30%        2d9       3%          1

Your spell library contained the following spells:

 Spells                   Type           Power      Damage    Failure   Level
 Passwall                 Tmut/Erth      8%         N/A       10%         2
 Beastly Appendage        Tmut           10%        N/A       12%         1
 Shock                    Conj/Air       12%        1d3       16%         1
 Wereblood                Tmut           5%         N/A       19%         2
 Stone Arrow              Conj/Erth      18%        3d8       22%         3
 Spider Form              Tmut/Pois      4%         N/A       38%         3
 Swiftness                Air            3%         N/A       43%         3
 Petrify                  Tmut/Erth      10%        N/A       54%         4
 Ice Form                 Ice/Tmut       4%         N/A       80%         4
 Airstrike                Air            1%         2d(1-17)  85%         4
 Metabolic Englaciation   Hex/Ice        1%         N/A       99%         5


Dungeon Overview and Level Annotations

Branches:
Dungeon (2/15)

Altars:


Innate Abilities, Weirdness & Mutations

You are immune to sickness and miasma.
Your stone body is resilient. (AC +3)
You are immune to poison.
You resist negative energy. (rN+)
You are resistant to electric shocks. (rElec)
You are resistant to unholy torment.
You are immune to petrification.


Message History

Found a stone staircase leading down.
You now have 78 gold pieces (gained 12).
Found a leather armour.
You now have 86 gold pieces (gained 8).
There is a stone staircase leading down here.
A rat comes into view.
A rat is nearby!
A rat is nearby!
A rat is nearby!
The blast of sand hits the rat!
You kill the rat! 2 gnolls come into view.
A gnoll is wielding a +1 flail of protection.
The gnoll shouts! x2
A dart slug comes into view.
You hear a shout!
There are monsters nearby!
There are monsters nearby! 2 gnolls come into view.
The blast of sand hits the gnoll.
The gnoll is lightly wounded.
The blast of sand hits the gnoll.
The gnoll is heavily wounded.
The blast of sand hits the gnoll.
The gnoll is severely wounded.
The gnoll misses you.
The gnoll hits you with a +1 flail of protection!
Ouch! That really hurt!
You are too injured to fight recklessly!
You are too injured to fight recklessly!
Casting: Sandblast (safe; 3% risk of failure)
Confirm with . or Enter, or press ? or * to list all spells.
Aiming: Sandblast (safe; 3% risk of failure)
Press: ? - help, Shift-Dir - straight line, f/p - gnoll
Aim: a gnoll, wielding a +1 flail of protection (severely wounded, 84% to hit)
The blast of sand misses the gnoll.
The blast of sand hits the gnoll!
The gnoll is severely wounded.
The gnoll hits you with a +1 flail of protection!
Ouch! That really hurt!
You die...

####### #.......# #####.......#
....... #.wg....# #.......#
....... #.......# #.......#
....... +g..g...# #.......#
....... #.......# #.......#
....... #.....wg# #.......#
....... #g########.......#
........########g#......#.......#
...............#@#.####.#.......#
.........................>.####.#
.#####.........#.####.#.#..# #..
.# ........#........#..# ###
.##################........#
........................#.#######
.....................##.#........
.........#####...#.#.##.#........
...#####.#.......#...##.#........


You could see 3 gnolls and a dart slug.

Vanquished Creatures
  An adder (D:2)
  2 dart slugs (D:1)
  4 endoplasms
  4 giant cockroaches
  5 goblins
  3 hobgoblins
  3 quokkas
  4 ball pythons
  6 bats (D:1)
  2 frilled lizards
  6 rats
40 creatures vanquished.

Notes
Turn   | Place    | Note
-------+----------+-------------------------------------------
     0 | D:1      | mn3067 the Gargoyle Earth Elementalist began the quest for
                  | the Orb.
     0 | D:1      | Reached XP level 1. HP: 10/10 MP: 3/3
   184 | D:1      | Reached XP level 2. HP: 15/15 MP: 3/5
   575 | D:1      | Reached XP level 3. HP: 16/19 MP: 0/7
  1131 | D:2      | Found a faded altar of an unknown god.
  1407 | D:2      | Got Hisuf's Spellbook of Changed Chilblains
  1634 | D:2      | Slain by a gnoll

Illustrated notes

Levels and vault maps discovered:
D:1:      psy_arrival_fountain, layout_rooms
D:2:      layout_basic, hellmonk_ecumenical_altar_pennies_from_heaven,
          kennysheep_flooded_box

Skill      XL: |  1  2 |
---------------+-------+-----
Spellcasting   | 3 |  3.8
Dodging        | |  1.5
Stealth        | |  2.1
Transmutations | |  0.7
Earth Magic    | |  3.6

Action                     || total
---------------------------++-------
  Melee: Unarmed           ||    11
         Dagger            ||    17
   Cast: Sandblast         ||    66
 Armour: Robe              ||    22
  Dodge: Dodged            ||    28
